 Dungeon Crawl Stone Soup version 0.18.1-48-g4cf74bf (webtiles) character file.

5992 Alarkh the Archer (level 10, -4/67 HPs)
             Began as a Mummy Hunter on Aug 8, 2016.
             Was a Priest of Okawaru.
             Slain by Grum
             ... wielding a -1 glaive
              (13 damage)
             ... on level 8 of the Dungeon.
             The game lasted 00:20:27 (13417 turns).

Alarkh the Archer (Mummy Hunter)                   Turns: 13417, Time: 00:20:27

Health: -4/67      AC: 13    Str: 16    XL:     10   Next: 55%
Magic:  8/10       EV: 16    Int: 13    God:    Okawaru [***...]
Gold:   684        SH:  0    Dex: 15    Spells: 0 memorised, 9 levels left

rFire  + . .     SeeInvis .     b - +8 lance "Wyrmbane" {slay drac, +Rage rPois rF+ AC+5}
rCold  + + .     Gourm    .     g - +2 robe {rC+ rF+}
rNeg   + + +     Faith    .     (no shield)
rPois  ∞         Spirit   .     n - +0 helmet
rElec  .         Dismiss  .     k - +0 cloak
rCorr  .         Reflect  .     E - +0 pair of gloves
SustAt .         Harm     .     (no boots)
MR     ++...                    (no amulet)
Stlth  +++.......               s - +2 ring of dexterity
                                t - ring of protection from magic

@: heroism, very resistant to hostile enchantments, fairly stealthy
A: no food or potions, fire vulnerability, cold resistance 1, negative energy
resistance 3, torment resistance, unbreathing
a: Heroism, Renounce Religion


You were on level 8 of the Dungeon.
You worshipped Okawaru.
Okawaru was most pleased with you.
You were not hungry.

You visited 2 branches of the dungeon, and saw 11 of its levels.

You collected 684 gold pieces.

Inventory:

Hand Weapons
 a - a +1 shortbow
 b - the +8 lance "Wyrmbane" (weapon) {slay drac, +Rage rPois rF+ AC+5}
   (You found it on level 8 of the Dungeon)

   It affects your AC (+5).
   It protects you from fire.
   It protects you from poison.
   It lets you go berserk.
 m - a +0 short sword
 w - a +0 quarterstaff
 A - a +1 dagger of venom
Missiles
 d - 142 arrows
 u - a throwing net (quivered)
Armour
 c - a +0 leather armour
 g - a +2 robe of resistance (worn)
 k - a +0 cloak (worn)
 n - a +0 helmet (worn)
 E - a +0 pair of gloves (worn)
Magical Staves
 p - an uncursed staff of power
Jewellery
 o - an uncursed ring of wizardry
 s - a +2 ring of dexterity (right hand)
 t - a ring of protection from magic (left hand)
Wands
 z - a wand of polymorph (9/24)
 C - a wand of iceblast (5/15)
 D - a wand of flame (7/48)
Scrolls
 f - 3 scrolls of identify
 h - 2 scrolls of amnesia
 i - 2 scrolls of random uselessness
 j - 2 scrolls of enchant armour
 l - 6 scrolls of remove curse
 q - a scroll of enchant weapon
 r - a scroll of brand weapon {unknown}
 v - a scroll of fog {unknown}
 x - a scroll of summoning {unknown}
 y - a scroll of recharging {unknown}
Books
 B - a book of Dreams

   Spells                             Type                      Level
   a - Ensorcelled Hibernation        Hexes/Ice                    2
   b - Silence                        Hexes/Air                    5
   c - Darkness                       Hexes                        6
   d - Shadow Creatures               Summoning                    6


   Skills:
 - Level 2.0(7.0) Fighting
 + Level 5.6(12.7) Polearms
 - Level 8.2(14.0) Staves
 - Level 9.5(14.5) Bows
 - Level 1.5(6.5) Dodging
 - Level 0.7(5.7) Stealth


You had 9 spell levels left.
You didn't know any spells.

Dungeon Overview and Level Annotations

Branches:
Dungeon (10/15)            Temple (1/1) D:7             Orc (0/2) D:9
   Lair: D:8-11

Altars:
Ashenzari
Cheibriados
Dithmenos
Elyvilon
Fedhas
Gozag
Kikubaaqudgha
Makhleb
Nemelex Xobeh
Okawaru
Pakellas
Qazlal
Ru
Sif Muna
Trog
Vehumet
Xom
Yredelemnul
Zin
The Shining One

Shops:
D:3 *

Annotations:
D:8 Grum
D:9 2 runed doors


Innate Abilities, Weirdness & Mutations

You do not eat or drink.
Your flesh is vulnerable to fire.
You are immune to poison.
Your flesh is cold resistant.
You are immune to negative energy.
You are immune to unholy pain and torment.
You can survive without breathing.


Message History

a war axe; a leather armour; an orc corpse
There is a stone staircase leading up here.
You climb upwards.
Level annotation: Grum Grum growls angrily.
A wolf comes into view.
There is a stone staircase leading down here.
There are monsters nearby!
Read which item? (? for menu, Esc to quit)
Okay, then.
Read which item? (? for menu, Esc to quit)
Okay, then.
You gain the combat prowess of a mighty hero.
The wolf howls!
Grum hits you from afar with a glaive!!
* * * LOW HITPOINT WARNING * * *
Read which item? (? for menu, Esc to quit)
Okay, then.
The wolf closely misses you. Grum hits you from afar with a glaive!
You die...

###### #.......##
#....### #........#
#......###........#
#........#.(......#
#.................#
#.........>.......##
##.....g...........#
#.....h...........##
##...@.............###
#...................#
#####................
####....####÷..........
##....#### #...........
#..#### ##..........
#### ##.........
##........ ##.......


You could see Grum and a wolf.

Vanquished Creatures
  Pikel (D:4)
  3 trolls
  A two-headed ogre (D:8)
  Eustachio (D:5)
  A hippogriff (D:9)
  A hungry ghost (D:10)
  Menkaure (D:5)
  Edmund (D:6)
  5 orc warriors
  3 ice beasts
  3 black bears
  A slave (D:3)
  A necrophage (D:7)
  A wolf (D:8)
  3 ogres
  5 centaurs
  A big kobold (D:8)
  4 giant frogs
  2 scorpions
  6 killer bees (D:9)
  A howler monkey (D:9)
  A centaur zombie (D:6)
  6 hounds
  2 jellies (D:7)
  8 orc wizards
  A giant frog skeleton (D:3)
  12 orc priests
  A centaur skeleton (D:8)
  5 iguanas
  6 worker ants
  2 hound skeletons
  A worker ant zombie (D:6)
  4 gnolls
  8 adders
  3 shadow imps (D:8)
  3 oozes
  An adder skeleton (D:4)
  3 worms
  A dart slug (D:1)
  7 giant geckos
  42 orcs
  8 giant cockroaches
  13 goblins
  6 hobgoblins
  10 jackals
  2 quokkas
  10 bats
  7 giant newts
  15 kobolds
  A quokka skeleton (D:5)
  9 rats
244 creatures vanquished.

Notes
Turn   | Place    | Note
--------------------------------------------------------------
     0 | D:1      | Alarkh the Mummy Hunter began the quest for the Orb.
     0 | D:1      | Reached XP level 1. HP: 16/16 MP: 1/1
    74 | D:1      | Reached XP level 2. HP: 21/22 MP: 2/2
   154 | D:1      | Reached skill level 4 in Bows
   417 | D:1      | Reached XP level 3. HP: 27/27 MP: 3/3
   986 | D:2      | Reached XP level 4. HP: 33/33 MP: 4/4
  1686 | D:3      | Found an opulent altar of Gozag.
  1689 | D:3      | Found Gozag's Platinum Reserve.
  2081 | D:3      | Reached skill level 1 in Staves
  2407 | D:3      | Reached skill level 5 in Bows
  2407 | D:3      | Reached XP level 5. HP: 38/38 MP: 5/5
  2680 | D:3      | Reached XP level 6. HP: 6/44 MP: 6/6
  4296 | D:4      | Noticed a slave
  4296 | D:4      | Noticed a slave
  4297 | D:4      | Noticed Pikel
  4297 | D:4      | Noticed a slave
  4298 | D:4      | Noticed a slave
  4556 | D:3      | Killed a slave
  4618 | D:4      | Found an iron altar of Okawaru.
  4640 | D:4      | Became a worshipper of Warmaster Okawaru
  4829 | D:4      | Reached skill level 6 in Bows
  4829 | D:4      | Reached XP level 7. HP: 49/50 MP: 7/7
  4951 | D:4      | Killed Pikel
  5024 | D:4      | Found a glowing silver altar of Zin.
  5064 | D:5      | Entered Level 5 of the Dungeon
  5329 | D:5      | Noticed Eustachio
  5333 | D:5      | Reached XP level 8. HP: 36/56 MP: 8/8
  5598 | D:5      | Killed Eustachio
  5598 | D:5      | Reached skill level 5 in Staves
  5598 | D:5      | Reached skill level 7 in Bows
  5636 | D:5      | Noticed Menkaure
  5642 | D:5      | Killed Menkaure
  5642 | D:5      | Reached * piety under Okawaru
  5725 | D:5      | Found an ancient bone altar of Kikubaaqudgha.
  5726 | D:5      | Found a shimmering altar of Xom.
  5728 | D:5      | Found an oddly glowing altar of Pakellas.
  6008 | D:5      | Found a radiant altar of Vehumet.
  6612 | D:6      | Noticed Edmund
  6630 | D:6      | Killed Edmund
  7290 | D:6      | Reached skill level 8 in Bows
  7656 | D:7      | Reached XP level 9. HP: 44/61 MP: 9/9
  7744 | D:7      | Found a burning altar of Makhleb.
  7766 | D:7      | Reached ** piety under Okawaru
  7962 | D:7      | Found a staircase to the Ecumenical Temple.
  7976 | Temple   | Entered the Ecumenical Temple
  8584 | D:8      | Found a bloodstained altar of Trog.
  8656 | D:8      | Found a white marble altar of Elyvilon.
  8674 | D:8      | Noticed a troll
  8705 | D:8      | Killed a troll
  9439 | D:8      | Reached skill level 9 in Bows
  9994 | D:8      | Reached *** piety under Okawaru
 11195 | D:8      | Noticed Grum
 11270 | D:8      | Reached XP level 10. HP: 53/67 MP: 10/10
 11273 | D:8      | Found an iron altar of Okawaru.
 11493 | D:8      | Found a sacrificial altar of Ru.
 11829 | D:9      | Reached skill level 1 in Polearms
 11961 | D:10     | Entered Level 10 of the Dungeon
 12725 | D:9      | Found a staircase to the Orcish Mines.
 12740 | D:9      | Received a gift from Okawaru
 13182 | D:9      | Reached skill level 5 in Polearms
 13192 | D:9      | Found a runed door.
 13206 | D:9      | Found a runed door.
 13417 | D:8      | Slain by Grum

Skill      XL: |  1  2  3  4  5  6  7  8  9 10 |
---------------+-------------------------------+-----
Bows           | 4 5 6 8 9 |  9.5
Staves         | 1 2 3 4 6 8 |  8.2
Polearms       | 5 |  5.6
Fighting       | |  2.0
Dodging        | |  1.5
Stealth        | |  0.7

Action                   |  1- 3 |  4- 6 |  7- 9 | 10-12 || total
-------------------------+-------+-------+-------+-------++-------
Melee: Short sword       |    12 |       |       |       ||    12
       Quarterstaff      |       |   178 |    29 |       ||   207
       Dagger            |       |    22 |   305 |       ||   327
       Lance             |       |       |       |   206 ||   206
 Fire: Shortbow          |    94 |   106 |   185 |       ||   385
Invok: Heroism           |       |       |       |     4 ||     4
  Use: Scroll            |       |     6 |     7 |     1 ||    14
 Stab: Sleeping          |       |     1 |     3 |       ||     4
Armor: Leather armour    |    10 |       |       |       ||    10
       Robe              |     3 |    68 |   116 |    51 ||   238
Dodge: Dodged            |    26 |   136 |   239 |   100 ||   501
